 Dungeon Sprint DCSS version 0.27-a0-1189-gb8eb6cee8e (webtiles) character file.

Game seed: 356209319611420242

6948 mhtbhm the Scorcher (level 10, -18/50 HPs)
             Began as a Deep Elf Fire Elementalist on May 22, 2021.
             Was the Champion of Vehumet.
             Killed from afar by a purple draconian (40 damage)
             ... with a bolt of dispelling energy
             ... in the Dungeon (Sprint V: "Ziggurat Sprint").
             The game lasted 00:04:46 (849 turns).

mhtbhm the Scorcher (Deep Elf Fire Elementalist)     Turns: 849, Time: 00:04:47

Health: -18/50     AC: 10    Str:  5    XL:     10   Next: 80%
Magic:  23/30      EV: 17    Int: 36    God:    Vehumet [******]
Gold:   0          SH:  0    Dex: 15    Spells: 22/38 levels left

rFire    + . .     SeeInvis +   C - +8 lance "Wyrmbane" {slay drac, rPois rF+ rC+ AC+3}
rCold    + . .     Faith    .   (no shield)
rNeg     . . .     Spirit   .   a - +5 robe of Night {Dark Will+ SInv}
rPois    +         Reflect  .   (no helmet)
rElec    .         Harm     .   (no cloak)
rCorr    .         Rampage  .   (no gloves)
Will     ++...     NoTele   +   (no boots)
Stlth    ++++......             D - amulet of magic regeneration
HPRegen  0.16/turn              u - +6 ring of intelligence
MPRegen  0.47/turn              v - +6 ring of intelligence

@: slowed, very slow
A: no striking features
a: Renounce Religion


You were in the Dungeon.
You worshipped Vehumet.
Vehumet was exalted by your worship.
You visited 1 branch

Inventory:

Hand Weapons
 C - the +8 lance "Wyrmbane" (weapon) {slay drac, rPois rF+ rC+ AC+3}
   (You found it in the Dungeon)

   It affects your AC (+3).
   It protects you from fire.
   It protects you from cold.
   It protects you from poison.
Armour
 a - the +5 robe of Night (worn) {Dark Will+ SInv}
   (You found it in the Dungeon)

   It lets you see invisible.
   It increases your willpower.
Jewellery
 r - the ring of Sovereignty {Wiz Slay+3}
   (You found it in the Dungeon)

   [ring of wizardry]

   It improves your spell success rate.
   It affects your accuracy and damage with ranged weapons and melee attacks
   (+3).
 u - a +6 ring of intelligence (left hand)
 v - a +6 ring of intelligence (right hand)
 D - an amulet of magic regeneration (around neck)
Wands
 y - a wand of mindburst (7)
 z - a wand of iceblast (4)
 A - a wand of acid (6)
Scrolls
 h - 4 scrolls of blinking
 m - 4 scrolls of amnesia
 n - 7 scrolls of fog
 o - a scroll of holy word
 p - 5 scrolls of identify
 q - a scroll of fear
Potions
 b - 2 potions of brilliance
 c - 10 potions of curing
 d - 6 potions of heal wounds
 e - 6 potions of haste
 f - 7 potions of magic
 g - 3 potions of berserk rage
 i - 2 potions of invisibility
 j - 4 potions of resistance
 k - a potion of experience
 l - 5 potions of might
Miscellaneous
 s - a piece from Xom's chessboard (15/15)
 w - a box of beasts
 x - a condenser vane
 B - a lightning rod (4/4)
 E - a phantom mirror


   Skills:
 + Level 0.2 Fighting
 + Level 11.0 Dodging
 + Level 9.5 Stealth
 + Level 14.8 Spellcasting
 + Level 6.9 Conjurations
 + Level 17.6 Fire Magic
 + Level 11.0 Evocations


You had 22 spell levels left.
You knew the following spells:

 Your Spells              Type           Power      Damage    Failure   Level
a - Foxfire               Conj/Fire      100%       2x1d9     0%          1
b - Mephitic Cloud        Conj/Pois/Air  43%        N/A       1%          3
c - Inner Flame           Hex/Fire       74%        N/A       1%          3
d - Sticky Flame          Conj/Fire      86%        2d10      1%          4
e - Fireball              Conj/Fire      43%        3d17      1%          5

Your spell library contained the following spells:

 Spells                   Type           Power      Damage    Failure   Level
 Frozen Ramparts          Ice            52%        1d7       1%          3
 Magic Dart               Conj           100%       1d8       1%          1
 Sandblast                Erth           52%        2d12      1%          1
 Sting                    Tmut/Pois      100%       1d8       1%          1
 Summon Small Mammal      Summ           100%       N/A       1%          1
 Poisonous Vapours        Pois/Air       52%        N/A       1%          2
 Conjure Flame            Conj/Fire      86%        6-21      1%          3
 Stone Arrow              Conj/Erth      100%       3d13      1%          3
 Blink                    Tloc           N/A        N/A       2%          2
 Call Imp                 Summ           26%        N/A       2%          2
 Slow                     Hex            26%        N/A       2%          2
 Irradiate                Conj/Tmut      25%        3d21      2%          5
 Call Canine Familiar     Summ           26%        N/A       4%          3
 Summon Guardian Golem    Hex/Summ       26%        N/A       4%          3
 Lee's Rapid Deconstruct  Erth           13%        3d10*     11%         5
 Petrify                  Tmut/Erth      26%        N/A       14%         4
 Summon Ice Beast         Ice/Summ       26%        N/A       14%         4
 Summon Lightning Spire   Summ/Air       26%        N/A       14%         4
 Shatter                  Erth           13%        3d13*     100%        9


Dungeon Overview and Level Annotations

Branches:
Dungeon (1/1)

Altars:
Ashenzari
Cheibriados
Dithmenos
Elyvilon
Fedhas
Gozag
Hepliaklqana
Kikubaaqudgha
Makhleb
Nemelex Xobeh
Okawaru
Qazlal
Ru
Sif Muna
Trog
Uskayaw
Vehumet
Wu Jian
Xom
Yredelemnul
Zin
The Shining One
Beogh
Jiyva
Lugonu


Message History

The draconian is lightly wounded.
The thunderbolt hits the purple draconian!
The purple draconian is heavily wounded.
The thunderbolt hits the death cob!!
You destroy the death cob!
Vehumet accepts your kill.
The thunderbolt hits the yellow draconian!
The yellow draconian is moderately wounded.
A draconian comes into view. It is wielding a +0 club.
The draconian is engulfed in negative energy. x3
The purple draconian completely misses you.
Your lightning rod (4/4) has regained two charges.
Your Dodging skill increases to level 11!
Your Evocations skill gained 2 levels and is now at level 11!
Unknown command.
Unknown command.
As you read the scroll of fear, it crumbles to dust.
You assume a fearsome visage.
The draconian looks frightened!
The purple draconian resists with some effort.
The draconian looks frightened!
The yellow draconian looks frightened!
The draconian is engulfed in negative energy.
The purple draconian completely misses you.
Unknown command.
Unknown command.
Casting: Fireball (safe; 1% risk of failure)
Confirm with . or Enter, or press ? or * to list all spells.
Aiming: Sticky Flame (safe; 1% risk of failure)
Press: ? - help, Shift-Dir - straight line, f - purple draconian, p - yellow draconian
Aim: a purple draconian, wielding a +0 short sword (heavily wounded, lightly drained, 100% to hit)
The sticky flame hits the purple draconian.
The purple draconian is heavily wounded.
The purple draconian is covered in liquid flames!
The purple draconian burns! x2
The draconian is engulfed in negative energy.
The purple draconian hits you with a +0 short sword.
The purple draconian breathes dispelling energy at you.
The bolt of dispelling energy hits you!!!
Your magical effects are unravelling.
Ouch! That really hurt!
You die...

▓▓▓▓▓▓▓▓▓▓▓▓▓▓▓▓▓▓▓
▓..8©8..▓ ▓..)))..▓
▓..○§§§☼..▓..))|..▓
▓.d§§§§§.d▓...)...▓
▓...))....▓.......▓
▓.........▓.......▓
▓....d....▓.......▓
▓.▓..@..▓.▓.▓...▓.▓
▓....©....▓...©...▓
▓▓▓▓▓▓▓▓▓▓▓▓▓▓▓▓▓▓▓


You could see a yellow draconian (fleeing, drained), a purple draconian
(burning, catching breath, drained) and a draconian (fleeing, drained).

Vanquished Creatures
  A death cob (D)
  3 hell hogs (D)
  3 draconians (D)
  A naga mage (D)
  An efreet (D)
  A rime drake (D)
  A fire elemental (D)
  A wyvern (D)
  A steam dragon (D)
  2 nagas (D)
  A water moccasin (D)
  3 acid dragons (D)
  A hell hound (D)
  2 necrophages (D)
  A phantom (D)
  7 orc priests (D)
  2 orc wizards (D)
  2 adders (D)
  A shadow imp (D)
  An ufetubus (D)
  3 ball pythons (D)
  A ball python skeleton (D)
  A fire vortex (D)
41 creatures vanquished.

Vanquished Creatures (others)
  8 foxfires (D)
8 creatures vanquished.

Grand Total: 49 creatures vanquished

Notes
Turn   | Place    | Note
-------+----------+-------------------------------------------
     0 | D        | mhtbhm the Deep Elf Fire Elementalist began the quest for
                  | the Orb.
     0 | D        | Reached XP level 1. HP: 10/10 MP: 6/6
     1 | D        | Found a bloodstained altar of Trog.
     1 | D        | Found a shimmering blue altar of Sif Muna.
     1 | D        | Found a sacrificial altar of Ru.
     1 | D        | Found a stormy altar of Qazlal.
     1 | D        | Found an iron altar of Okawaru.
     3 | D        | Found a sparkling altar of Nemelex Xobeh.
     3 | D        | Found a blossoming altar of Fedhas.
     4 | D        | Found the +6 Majin-Bo {vamp, MP+6 Int+6}
     4 | D        | Found the +9 heavy crossbow "Sniper" {vorpal, Acc+∞ SInv}
     4 | D        | Found the +10 dark maul {vorpal}
     4 | D        | Found the +15 Maxwell's patent armour {-Cast -Tele rElec
                  | Will+ rCorr}
     4 | D        | Found the +18 shield of the Gong {rElec rN+ Will+ EV-5}
     4 | D        | Found the +14 obsidian axe {vorpal, Drain Fly SInv}
     4 | D        | Found the +7 great mace "Firestarter" {inner flame, rF++}
     4 | D        | Found the +6 shillelagh "Devastator" {shatter}
     4 | D        | Found the +11 plutonium sword {Contam Stlth-}
     4 | D        | Found the +8 lance "Wyrmbane" {slay drac, rPois rF+ rC+
                  | AC+3}
     4 | D        | Found the +9 sword of Zonguldrok {reap}
     4 | D        | Found the +13 scythe of Curses {drain, Drain}
     4 | D        | Found the +5 sword of Power {vorpal}
     4 | D        | Found the +7 mace of Variability {chain chaos}
     4 | D        | Found the +7 Singing Sword {vorpal, sonic wave}
     4 | D        | Found the +8 storm bow {elec, penet}
     5 | D        | Found a transporter.
     5 | D        | Found an ancient bone altar of Kikubaaqudgha.
     5 | D        | Found a viscous altar of Jiyva.
     5 | D        | Found a corrupted altar of Lugonu.
     5 | D        | Found a hazy altar of Hepliaklqana.
     5 | D        | Found a burning altar of Makhleb.
     5 | D        | Found an opulent altar of Gozag.
    37 | D        | Became a worshipper of Vehumet
    61 | D        | Entered arena 2.
    61 | D        | Found a transporter.
    64 | D        | Reached skill level 4 in Fire Magic
    67 | D        | Reached XP level 2. HP: 15/15 MP: 5/8
   194 | D        | Entered arena 3.
   194 | D        | Noticed a naga
   194 | D        | Found a transporter.
   195 | D        | Found the +2 robe of Vines {NoPotionHeal Regen+++}
   195 | D        | Reached * piety under Vehumet
   195 | D        | Offered knowledge of Magic Dart by Vehumet.
   196 | D        | Reached skill level 5 in Fire Magic
   197 | D        | Killed a naga
   198 | D        | Reached skill level 8 in Fire Magic
   198 | D        | Reached skill level 1 in Evocations
   198 | D        | Reached XP level 3. HP: 19/19 MP: 8/12
   198 | D        | Reached XP level 4. HP: 24/24 MP: 9/14
   257 | D        | Learned a level 3 spell: Mephitic Cloud
   261 | D        | Learned a level 3 spell: Inner Flame
   266 | D        | Learned a level 4 spell: Sticky Flame
   268 | D        | Entered arena 4.
   268 | D        | Noticed a necrophage
   268 | D        | Noticed a necrophage
   268 | D        | Noticed a phantom
   268 | D        | Found a transporter.
   271 | D        | Killed a necrophage
   271 | D        | Reached ** piety under Vehumet
   271 | D        | Killed a phantom
   272 | D        | Reached skill level 5 in Dodging
   272 | D        | Reached skill level 5 in Stealth
   272 | D        | Reached skill level 10 in Fire Magic
   272 | D        | Reached XP level 5. HP: 28/28 MP: 15/17
   272 | D        | Reached XP level 6. HP: 32/32 MP: 15/18
   273 | D        | Reached skill level 11 in Fire Magic
   274 | D        | Reached *** piety under Vehumet
   279 | D        | Got the ring of Sovereignty {Wiz Slay+3}
   288 | D        | Learned a level 5 spell: Fireball
   292 | D        | Entered arena 5.
   292 | D        | Found a transporter.
   294 | D        | Reached **** piety under Vehumet
   301 | D        | Got the Catalogue of Dusty Poisoning
   457 | D        | Entered arena 6.
   457 | D        | Found a transporter.
   458 | D        | Offered knowledge of Freeze by Vehumet.
   459 | D        | Reached skill level 12 in Fire Magic
   459 | D        | Reached XP level 7. HP: 36/36 MP: 18/21
   474 | D        | Got the Guide on Dusty Shape Shifting
   483 | D        | Entered arena 7.
   483 | D        | Noticed a wyvern
   483 | D        | Noticed a steam dragon
   483 | D        | Noticed a rime drake
   484 | D        | Found the +5 robe of Night {Dark Will+ SInv}
   487 | D        | Reached ***** piety under Vehumet
   488 | D        | Killed a steam dragon
   489 | D        | Reached skill level 10 in Spellcasting
   489 | D        | Reached skill level 13 in Fire Magic
   489 | D        | Killed a rime drake
   489 | D        | Killed a wyvern
   490 | D        | Reached skill level 14 in Fire Magic
   490 | D        | Reached skill level 5 in Evocations
   490 | D        | Reached XP level 8. HP: 21/41 MP: 25/25
   586 | D        | Found a transporter.
   644 | D        | Entered arena 8.
   645 | D        | Noticed a naga mage
   646 | D        | Offered knowledge of Ignite Poison by Vehumet.
   646 | D        | Reached ****** piety under Vehumet
   648 | D        | Killed a naga mage
   649 | D        | Reached XP level 9. HP: 43/45 MP: 18/27
   685 | D        | Found a transporter.
   697 | D        | Entered arena 9.
   698 | D        | Noticed an efreet
   700 | D        | Noticed a hell hog
   701 | D        | Noticed a hell hog
   701 | D        | Noticed a hell hog
   704 | D        | Killed a hell hog
   705 | D        | Reached skill level 5 in Conjurations
   705 | D        | Reached skill level 15 in Fire Magic
   707 | D        | Killed a hell hog
   707 | D        | Killed a hell hog
   708 | D        | Reached skill level 10 in Dodging
   708 | D        | Reached skill level 16 in Fire Magic
   708 | D        | Reached XP level 10. HP: 31/50 MP: 27/29
   735 | D        | Found a transporter.
   840 | D        | Entered arena 10.
   841 | D        | Noticed a draconian
   841 | D        | Noticed a draconian
   841 | D        | Noticed a draconian
   843 | D        | Noticed a death cob
   843 | D        | Noticed a purple draconian
   844 | D        | Killed a draconian
   844 | D        | Offered knowledge of Frozen Ramparts by Vehumet.
   844 | D        | Identified the ring of the Traitor {Will- rCorr Dex+4
                  | Slay+4}
   844 | D        | Noticed a yellow draconian
   844 | D        | Killed a draconian
   845 | D        | Killed a draconian
   846 | D        | Reached skill level 17 in Fire Magic
   846 | D        | Noticed a draconian
   847 | D        | Killed a death cob
   847 | D        | Noticed a draconian
   849 | D        | Killed from afar by a purple draconian

Illustrated notes

Levels and vault maps discovered:
D:        sprint_v [room_start, room_1, room_2, room_3, room_4, room_5, room_6,
          room_7, room_8, room_9, room_10, room_11, room_12, room_13, room_14,
          room_15, room_16, room_17, room_18, room_19, room_20, room_21,
          room_22, room_23, room_24, room_25, room_26, room_27]

Skill      XL: |  1  2  3  4  5  6  7  8  9 10 |
---------------+-------------------------------+-----
Fire Magic     | 4 8 10 12 14 16 17 | 17.6
Dodging        | 3 4 5 7 8 10 11 | 11.0
Stealth        | 3 4 5 6 7 8 9 |  9.5
Spellcasting   | 6 7 9 11 12 13 14 | 14.8
Evocations     | 1 2 3 5 6 8 11 | 11.0
Conjurations   | 2 3 4 5 6 |  6.9
Fighting       | |  0.2

Action                   |  1- 3 |  4- 6 |  7- 9 | 10-12 || total
-------------------------+-------+-------+-------+-------++-------
Melee: Lance             |       |       |       |     2 ||     2
 Cast: Foxfire           |     1 |     4 |       |       ||     5
       Fireball          |       |     3 |     4 |     3 ||    10
       Sticky Flame      |       |       |       |     1 ||     1
Evoke: Lightning rod     |     4 |     4 |     8 |     7 ||    23
       Wand              |     1 |       |     3 |       ||     4
       Condenser vane    |       |       |     2 |     1 ||     3
  Use: Potion            |     2 |       |     2 |       ||     4
       Scroll            |       |       |       |     1 ||     1
Armor: Robe              |       |       |     2 |       ||     2
Dodge: Dodged            |       |     1 |     7 |     5 ||    13

Table legend: (Time is in decaauts)
 A = Elapsed time spent in this place.
 B = Non-inter-level travel time spent in this place.
 C = Inter-level travel time spent in this place.
 D = Time resting spent in this place.
 E = Time spent auto-exploring this place.
 F = Levels seen in this place.
 G = Mean time per level.
                   A        B        C        D        E       F      G
               +--------+--------+--------+--------+--------+-----+--------+
         Total |    848 |    848 |      0 |    560 |      0 |   1 |  848.0 |
       Dungeon |    848 |    848 |      0 |    560 |      0 |   1 |  848.0 |
               +--------+--------+--------+--------+--------+-----+--------+

Top non-repeatable levels by time:
       D: 848 daAuts
